| TOP OF THE 1ST |
|
Tulsa Drillers batting - Pitching for Mississippi Braves : RHP Jarred Sharp
|
|
Pitching: RHP Jarred Sharp
|
|
|
Batting: RHB Steve Haskins
|
0-0: Ball 1-0: Ball 2-0: Fly out, F8 (Flyball, 78D, EV 111.2 MPH)
|
|
Batting: RHB Jesse White
|
0-0: Ground out 5-3 (Groundball, 56, EV 83.8 MPH)
|
|
Batting: LHB Nick McGraw
|
0-0: SINGLE (Groundball, 34D, EV 103.8 MPH)
|
|
Batting: RHB Blake Beale
|
0-0: Ball 1-0: Ball 2-0: Fly out, F9 (Line Drive, 9S, EV 93.1 MPH)
|
| Top of the 1st over - 0 runs, 1 hit, 0 errors, 1 left on base; Tulsa 0 - Mississippi 0 |
| BOTTOM OF THE 1ST |
|
Mississippi Braves batting - Pitching for Tulsa Drillers : RHP Danny Roe
|
|
Pitching: RHP Danny Roe
|
|
|
Batting: LHB Raul Guarjardo
|
0-0: Ball 1-0: Called Strike 1-1: SINGLE (Line Drive, 6D, EV 95.6 MPH)
|
|
Batting: LHB Jon Burgos
|
0-0: Fielders Choice at 2nd, 5-4 (Groundball, 56, EV 81.9 MPH)
|
|
Batting: RHB Tim Nettles
|
0-0: Called Strike 0-1: Ball 1-1: Ball 2-1: Swinging Strike 2-2: Strikes out looking
|
|
Batting: LHB Ryan Braden
|
0-0: Foul Ball, location: 2F 0-1: Ball 1-1: Called Strike 1-2: Foul Ball, location: 2F 1-2: Ground out 4-3 (Groundball, 34, EV 105.0 MPH)
|
| Bottom of the 1st over - 0 runs, 1 hit, 0 errors, 1 left on base; Tulsa 0 - Mississippi 0 |
| TOP OF THE 2ND |
|
Tulsa Drillers batting - Pitching for Mississippi Braves : RHP Jarred Sharp
|
|
Batting: RHB Dave Cordero
|
0-0: Ball 1-0: Ball 2-0: Fly out, F7 (Flyball, 7LD, EV 78.8 MPH)
|
|
Batting: SHB Xavier Alaniz
|
0-0: Ball 1-0: Ball 2-0: Foul Ball, location: 2F 2-1: Ground out 5-3 (Groundball, 6, EV 79.4 MPH)
|
|
Batting: LHB David McNair
|
0-0: Ball 1-0: Called Strike 1-1: Ball 2-1: Swinging Strike 2-2: Foul Ball, location: 2F 2-2: Strikes out swinging
|
| Top of the 2nd over - 0 runs, 0 hits, 0 errors, 0 left on base; Tulsa 0 - Mississippi 0 |
| BOTTOM OF THE 2ND |
|
Mississippi Braves batting - Pitching for Tulsa Drillers : RHP Danny Roe
|
|
Batting: RHB Jack Power
|
0-0: Ball 1-0: Fly out, F7 (Flyball, 78S, EV 90.0 MPH)
|
|
Batting: LHB Jeremy Larson
|
0-0: Called Strike 0-1: Ball 1-1: Ground out 3-1 (Groundball, 34S, EV 92.5 MPH)
|
|
Batting: RHB Zachary Sidney
|
0-0: Ball 1-0: SINGLE (Groundball, 6D, EV 102.5 MPH)
|
|
Batting: RHB Yorkis Saiki
|
0-0: SINGLE (Flyball, 78S, EV 97.5 MPH) Zachary Sidney to second
|
|
Pitching: RHP Juan Isidro
|
|
|
Batting: RHB Edwin Cota
|
0-0: Called Strike 0-1: Ball 1-1: Ball 2-1: Ball Wild Pitch! Zachary Sidney to third Yorkis Saiki to second 3-1: Ground out 5-3 (Groundball, 56, EV 80.0 MPH)
|
| Bottom of the 2nd over - 0 runs, 2 hits, 0 errors, 2 left on base; Tulsa 0 - Mississippi 0 |
| TOP OF THE 3RD |
|
Tulsa Drillers batting - Pitching for Mississippi Braves : RHP Jarred Sharp
|
|
Batting: RHB Koen van Oort
|
0-0: Ball 1-0: SINGLE (Line Drive, 8LM, EV 102.5 MPH)
|
|
Batting: RHB Dave Archibeque
|
0-0: Called Strike 0-1: Foul Ball, location: 2F 0-2: Ball 1-2: Foul Ball, location: 2F 1-2: Foul Ball, location: 2F 1-2: Ball 2-2: Foul Ball, location: 2F 2-2: Strikes out swinging
|
|
Batting: RHB Steve Haskins
|
0-0: Ball 1-0: Called Strike 1-1: Fielders Choice at 2nd, 5-4 (Groundball, 56, EV 85.0 MPH)
|
|
Batting: RHB Jesse White
|
0-0: Called Strike 0-1: Ball 1-1: Ball 2-1: Foul Ball, location: 2F 2-2: Strikes out looking
|
| Top of the 3rd over - 0 runs, 1 hit, 0 errors, 1 left on base; Tulsa 0 - Mississippi 0 |
| BOTTOM OF THE 3RD |
|
Mississippi Braves batting - Pitching for Tulsa Drillers : RHP Juan Isidro
|
|
Batting: LHB Raul Guarjardo
|
0-0: Called Strike 0-1: Foul Ball, location: 2F 0-2: Ball 1-2: DOUBLE (Line Drive, 9LM, EV 100.6 MPH)
|
|
Batting: LHB Jon Burgos
|
0-0: Called Strike 0-1: Foul Ball, location: 2F 0-2: Ball 1-2: Fly out, F8 (Flyball, 8LD, EV 88.1 MPH)
|
|
Batting: RHB Tim Nettles
|
0-0: Ball Wild Pitch! Raul Guarjardo to third 1-0: Foul Ball, location: 2F 1-1: Ball 2-1: Ball 3-1: Base on Balls
|
|
Batting: LHB Ryan Braden
|
0-0: Called Strike 0-1: Ball Tim Nettles is caught stealing 2nd base 2-6 1-1: Called Strike 1-2: Strikes out swinging
|
| Bottom of the 3rd over - 0 runs, 1 hit, 0 errors, 1 left on base; Tulsa 0 - Mississippi 0 |
| TOP OF THE 4TH |
|
Tulsa Drillers batting - Pitching for Mississippi Braves : RHP Jarred Sharp
|
|
Batting: LHB Nick McGraw
|
0-0: Called Strike 0-1: Foul Ball, location: 2F 0-2: Ball 1-2: DOUBLE (Flyball, 89XD, EV 110.6 MPH)
|
|
Batting: RHB Blake Beale
|
0-0: Called Strike 0-1: Ball 1-1: Swinging Strike 1-2: Strikes out swinging
|
|
Batting: RHB Dave Cordero
|
0-0: Ball 1-0: Swinging Strike 1-1: Ground out 6-3 (Groundball, 6, EV 80.6 MPH)
|
|
Batting: SHB Xavier Alaniz
|
0-0: Ground out 3-1 (Groundball, 34S, EV 91.2 MPH)
|
| Top of the 4th over - 0 runs, 1 hit, 0 errors, 1 left on base; Tulsa 0 - Mississippi 0 |
| BOTTOM OF THE 4TH |
|
Mississippi Braves batting - Pitching for Tulsa Drillers : RHP Juan Isidro
|
|
Batting: RHB Jack Power
|
0-0: Ground out 6-3 (Groundball, 6, EV 85.0 MPH)
|
|
Batting: LHB Jeremy Larson
|
0-0: Called Strike 0-1: Ball 1-1: Foul Ball, location: 2F 1-2: Ball 2-2: Fly out, F7 (Flyball, 7D, EV 101.9 MPH)
|
|
Batting: RHB Zachary Sidney
|
0-0: Foul Ball, location: 2F 0-1: Called Strike 0-2: SINGLE (Line Drive, 4D, EV 103.1 MPH)
|
|
Batting: RHB Yorkis Saiki
|
0-0: Called Strike 0-1: Ground out 4-3 (Groundball, 4, EV 109.4 MPH)
|
| Bottom of the 4th over - 0 runs, 1 hit, 0 errors, 1 left on base; Tulsa 0 - Mississippi 0 |
| TOP OF THE 5TH |
|
Tulsa Drillers batting - Pitching for Mississippi Braves : RHP Jarred Sharp
|
|
Batting: LHB David McNair
|
0-0: Called Strike 0-1: Foul Ball, location: 2F 0-2: Ball 1-2: SINGLE (Groundball, 5S, EV 66.9 MPH) (infield hit)
|
|
Batting: RHB Koen van Oort
|
0-0: Foul Ball, location: 2F 0-1: Swinging Strike 0-2: Ball 1-2: Hit by Pitch David McNair to second
|
|
Batting: RHB Dave Archibeque
|
0-0: Called Strike 0-1: Called Strike 0-2: Ball 1-2: Ball 2-2: Strikes out swinging
|
|
Batting: RHB Steve Haskins
|
0-0: Ball 1-0: Ball 2-0: Called Strike 2-1: Foul Ball, location: 2F 2-2: Fly out, F4 (Popup, 34, EV 75.6 MPH)
|
|
Batting: RHB Jesse White
|
0-0: Ground out 5-3 (Groundball, 56S, EV 83.8 MPH)
|
| Top of the 5th over - 0 runs, 1 hit, 0 errors, 2 left on base; Tulsa 0 - Mississippi 0 |
| BOTTOM OF THE 5TH |
|
Mississippi Braves batting - Pitching for Tulsa Drillers : RHP Juan Isidro
|
|
Batting: RHB Edwin Cota
|
0-0: Ball 1-0: SOLO HOME RUN (Flyball, 7LD, EV 92.5 MPH), Distance : 347 ft
|
|
Batting: LHB Raul Guarjardo
|
0-0: Ball 1-0: SINGLE (Groundball, 4M, EV 110.0 MPH) (infield hit)
|
|
Pitching: RHP Jon Harris
|
|
|
Batting: LHB Jon Burgos
|
0-0: Called Strike 0-1: Fly out, F8 (Line Drive, 8LM, EV 106.2 MPH)
|
|
Batting: RHB Tim Nettles
|
0-0: SINGLE (Groundball, 56D, EV 108.8 MPH) Raul Guarjardo to second
|
|
Batting: LHB Ryan Braden
|
0-0: Ball 1-0: Ball 2-0: Ball 3-0: Called Strike 3-1: Fielders Choice at 2nd, 1-6 (Groundball, 13S, EV 64.4 MPH) Raul Guarjardo to third
|
|
Batting: RHB Jack Power
|
0-0: Ball 1-0: Ball 2-0: Swinging Strike 2-1: Ball 3-1: Ground out 4-3 (Groundball, 4, EV 82.5 MPH)
|
| Bottom of the 5th over - 1 run, 3 hits, 0 errors, 2 left on base; Tulsa 0 - Mississippi 1 |
| TOP OF THE 6TH |
|
Tulsa Drillers batting - Pitching for Mississippi Braves : RHP Jarred Sharp
|
|
Batting: LHB Nick McGraw
|
0-0: Ball 1-0: Fly out, F3 (Flyball, 3D, EV 90.0 MPH)
|
|
Batting: RHB Blake Beale
|
0-0: Ground out 6-3 (Groundball, 6, EV 83.1 MPH)
|
|
Batting: RHB Dave Cordero
|
0-0: Ball 1-0: Ball 2-0: Ball 3-0: Base on Balls
|
|
Batting: SHB Xavier Alaniz
|
0-0: Ball 1-0: Foul Ball, location: 2F 1-1: Ball 2-1: Swinging Strike 2-2: Ball 3-2: Fly out, F3 (Line Drive, 3, EV 64.4 MPH)
|
| Top of the 6th over - 0 runs, 0 hits, 0 errors, 1 left on base; Tulsa 0 - Mississippi 1 |
| BOTTOM OF THE 6TH |
|
Mississippi Braves batting - Pitching for Tulsa Drillers : RHP Jon Harris
|
|
Batting: LHB Jeremy Larson
|
0-0: Fly out, F7 (Line Drive, 7, EV 93.1 MPH)
|
|
Batting: RHB Zachary Sidney
|
0-0: Ball 1-0: Foul Ball, location: 2F 1-1: Called Strike 1-2: Strikes out swinging
|
|
Batting: RHB Yorkis Saiki
|
0-0: Ground out 6-3 (Groundball, 6M, EV 101.9 MPH)
|
| Bottom of the 6th over - 0 runs, 0 hits, 0 errors, 0 left on base; Tulsa 0 - Mississippi 1 |
| TOP OF THE 7TH |
|
Tulsa Drillers batting - Pitching for Mississippi Braves : RHP Jarred Sharp
|
|
Batting: LHB David McNair
|
0-0: Ball 1-0: Ball 2-0: Ball 3-0: Called Strike 3-1: DOUBLE (Line Drive, 9LM, EV 97.5 MPH)
|
|
Pitching: RHP Scott Bentley
|
|
|
Pinch Hitting: LHB Kevin Wiebe
|
0-0: Called Strike 0-1: Ball 1-1: Ball 2-1: Called Strike 2-2: Ball 3-2: Strikes out swinging
|
|
Batting: RHB Dave Archibeque
|
0-0: Called Strike 0-1: Ball 1-1: Foul Ball, location: 2F 1-2: Ball 2-2: Ball 3-2: Foul Ball, location: 2F 3-2: Strikes out swinging
|
|
Batting: RHB Steve Haskins
|
0-0: Fly out, F8 (Flyball, 8RD, EV 100.6 MPH)
|
| Top of the 7th over - 0 runs, 1 hit, 0 errors, 1 left on base; Tulsa 0 - Mississippi 1 |
| BOTTOM OF THE 7TH |
|
Mississippi Braves batting - Pitching for Tulsa Drillers : RHP Jon Harris
|
|
Pitching: RHP Steve Mintz
|
|
|
Now at 2B: Blake Beale
|
|
|
Now in CF: Billy Valadez
|
|
|
Batting: RHB Edwin Cota
|
0-0: Ground out 4-3 (Groundball, 34D, EV 90.0 MPH)
|
|
Batting: LHB Raul Guarjardo
|
0-0: Foul Ball, location: 2F 0-1: Foul Ball, location: 2F 0-2: Ball 1-2: Fly out, F7 (Line Drive, 7, EV 87.5 MPH)
|
|
Batting: LHB Jon Burgos
|
0-0: Ball 1-0: Ball 2-0: Foul Ball, location: 2F 2-1: Ball 3-1: Base on Balls
|
|
Batting: RHB Tim Nettles
|
0-0: Ball 1-0: Ball 2-0: Foul Ball, location: 2F 2-1: Swinging Strike 2-2: Ball 3-2: Foul Ball, location: 2F 3-2: Ground out U3 (Groundball, 3S, EV 66.2 MPH)
|
| Bottom of the 7th over - 0 runs, 0 hits, 0 errors, 1 left on base; Tulsa 0 - Mississippi 1 |
| TOP OF THE 8TH |
|
Tulsa Drillers batting - Pitching for Mississippi Braves : RHP Scott Bentley
|
|
Batting: RHB Jesse White
|
0-0: Ball 1-0: Ground out 4-3 (Groundball, 34S, EV 81.9 MPH)
|
|
Batting: LHB Nick McGraw
|
0-0: Ball 1-0: Called Strike 1-1: Called Strike 1-2: SINGLE (Flyball, 89D, EV 91.2 MPH)
|
|
Batting: RHB Blake Beale
|
0-0: Ball 1-0: Swinging Strike 1-1: Ball 2-1: Called Strike 2-2: Ball 3-2: Strikes out swinging
|
|
Batting: RHB Dave Cordero
|
0-0: Ball 1-0: Reached via error on a dropped throw from 2B, E3 (Groundball, 4, EV 80.6 MPH) Nick McGraw to second
|
|
Pitching: RHP Chong-hun Park
|
|
|
Batting: SHB Xavier Alaniz
|
0-0: SINGLE (Groundball, 4MD, EV 108.8 MPH) (infield hit) Nick McGraw to third Dave Cordero to second
|
|
Batting: LHB David McNair
|
0-0: Called Strike 0-1: Ball 1-1: Foul Ball, location: 2F 1-2: Foul Ball, location: 2F 1-2: Strikes out swinging
|
| Top of the 8th over - 0 runs, 2 hits, 1 error, 3 left on base; Tulsa 0 - Mississippi 1 |
| BOTTOM OF THE 8TH |
|
Mississippi Braves batting - Pitching for Tulsa Drillers : RHP Steve Mintz
|
|
Pitching: LHP Antonio Villarreal
|
|
|
Batting: LHB Ryan Braden
|
0-0: Ball 1-0: Foul Ball, location: 2F 1-1: SINGLE (Flyball, 8RS, EV 87.5 MPH)
|
|
Batting: RHB Jack Power
|
0-0: Ball 1-0: Called Strike 1-1: DOUBLE (Groundball, 3L, EV 111.2 MPH) Ryan Braden to third
|
|
Batting: LHB Jeremy Larson
|
0-0: Ball 1-0: Called Strike 1-1: Called Strike 1-2: Strikes out swinging
|
|
Batting: RHB Zachary Sidney
|
0-0: Called Strike 0-1: Swinging Strike 0-2: SINGLE (Flyball, 4D, EV 92.5 MPH) Ryan Braden scores Jack Power to third
|
|
Batting: RHB Yorkis Saiki
|
0-0: Ball 1-0: Called Strike 1-1: Reached on error, E4 (Groundball, 34, EV 85.6 MPH) Jack Power scores Zachary Sidney to second
|
|
Batting: RHB Edwin Cota
|
0-0: Ball 1-0: Ball 2-0: Ball 3-0: Called Strike 3-1: Fly out, F3 (Popup, 3SF, EV 84.4 MPH)
|
|
Batting: LHB Raul Guarjardo
|
0-0: Ball 1-0: Called Strike 1-1: Fly out, F8 (Flyball, 8LXD, EV 103.8 MPH)
|
| Bottom of the 8th over - 2 runs, 3 hits, 1 error, 2 left on base; Tulsa 0 - Mississippi 3 |
| TOP OF THE 9TH |
|
Tulsa Drillers batting - Pitching for Mississippi Braves : RHP Chong-hun Park
|
|
Batting: RHB Billy Valadez
|
0-0: Ball 1-0: Fly out, F8 (Line Drive, 8RM, EV 91.2 MPH)
|
|
Batting: RHB Dave Archibeque
|
0-0: Called Strike 0-1: Ball 1-1: Ground out 6-3 (Groundball, 6, EV 91.2 MPH)
|
|
Batting: RHB Steve Haskins
|
0-0: Ball 1-0: Ball 2-0: Foul Ball, location: 2F 2-1: Foul Ball, location: 2F 2-2: Ball 3-2: Foul Ball, location: 2F 3-2: Foul Ball, location: 2F 3-2: Foul Ball, location: 2F 3-2: Base on Balls
|
|
Batting: RHB Jesse White
|
0-0: Ball 1-0: Fly out, F7 (Flyball, 7, EV 83.8 MPH)
|
| Top of the 9th over - 0 runs, 0 hits, 0 errors, 1 left on base; Tulsa 0 - Mississippi 3 |
|